 Dungeon Crawl Stone Soup version 0.29-a0-925-g0a7a3d12f8 (webtiles) character file.

Game seed: 8839305864940782528

2128 xian the Covert (level 9, -4/52 (56) HPs)
             Began as a Kobold Gladiator on July 28, 2022.
             Was a Priest of Fedhas.
             Slain by a wight
             ... wielding a +2 war axe of freezing
              (6 damage)
             ... on level 6 of the Dungeon.
             The game lasted 00:20:37 (6723 turns).

xian the Covert (Kobold Gladiator)                  Turns: 6723, Time: 00:20:38

HP:   -4/52 (56)    AC:  5    Str: 14    XL:     9   Next: 54%
MP:   16/16         EV: 18    Int:  9    God:    Fedhas [***...]
Gold: 379           SH:  0    Dex: 18    Spells: 18/18 levels left

rFire   . . .      SeeInvis .   h - +3 dagger (elec)
rCold   . . .      Faith    .   (no shield)
rNeg    . . .      Spirit   .   b - +0 leather armour
rPois   .          Reflect  .   c - +1 helmet
rElec   .          Harm     .   (no cloak)
rCorr   .          Rampage  .   (no gloves)
Will    .....                   (no boots)
Stlth   ++++++....              (no amulet)
HPRegen 0.17/turn               x - ring of flight
MPRegen 0.15/turn               (no ring)

@: flying, drained
A: small, no large weapons, nightstalker 3
a: Renounce Religion, Wall of Briars, Grow Ballistomycete


You were on level 6 of the Dungeon.
You worshipped Fedhas.
Fedhas was most pleased with you.
You visited 1 branch of the dungeon, and saw 6 of its levels.

You collected 379 gold pieces.

Inventory:

Hand Weapons
 h - a +3 dagger of electrocution (weapon)
 q - a +4 falchion
 r - a +0 triple crossbow
Missiles
 d - a throwing net
 e - 6 boomerangs
 g - 3 curare-tipped darts
Armour
 b - a +0 leather armour (worn)
 c - a +1 helmet (worn)
Jewellery
 x - a ring of flight (left hand)
 y - a ring of magical power
Wands
 p - a wand of flame (10) (quivered)
 t - a wand of polymorph (8)
 v - a wand of mindburst (8)
Scrolls
 j - a scroll of torment
 k - a scroll of enchant weapon
 m - a scroll of summoning
 o - 2 scrolls of teleportation
 u - a scroll of magic mapping
Potions
 a - 2 potions of haste
 f - a potion of lignification {unknown}
 i - a potion of curing
 l - 3 potions of cancellation
 n - 2 potions of mutation
 s - a potion of heal wounds
 w - 2 potions of flight
 z - a potion of resistance {unknown}


   Skills:
 + Level 6.6 Fighting
 + Level 8.0 Short Blades
 + Level 5.4 Throwing
 + Level 4.0 Armour
 + Level 7.0 Dodging
 * Level 12.0 Stealth
 + Level 5.1 Spellcasting
 + Level 4.4 Invocations
 + Level 4.9 Evocations


You had 18 spell levels left.
You didn't know any spells.
Your spell library contained the following spells:

 Spells                   Type           Power      Damage    Failure   Level
 Magic Dart               Conj           8%         1d3       30%         1
 Call Imp                 Summ           2%         N/A       41%         2
 Ensorcelled Hibernation  Hex/Ice        4%         N/A       41%         2
 Passwall                 Tmut/Erth      1%         N/A       41%         2
 Sublimation of Blood     Necr           2%         N/A       41%         2
 Wereblood                Tmut           2%         N/A       41%         2
 Inner Flame              Hex/Fire       2%         N/A       65%         3
 Mephitic Cloud           Conj/Pois/Air  2%         N/A       65%         3
 Swiftness                Air            2%         N/A       65%         3
 Anguish                  Hex/Necr       1%         N/A       96%         4
 Cause Fear               Hex            1%         N/A       96%         4
 Enfeeble                 Hex            1%         N/A       100%        7
 Summon Hydra             Summ           1%         N/A       100%        7
 Discord                  Hex            1%         N/A       100%        8


Dungeon Overview and Level Annotations

Branches:
Dungeon (6/15)
 Temple: D:4-7

Altars:
Cheibriados
Fedhas
Makhleb

Shops:
D:1 [   D:2 :


Innate Abilities, Weirdness & Mutations

You are small and have problems with some larger weapons.
You are completely attuned to the shadows.


Message History

HP restored.
You now have 379 gold pieces (gained 12).
Found a stone staircase leading down.
No target in view!
Unknown command. 3 wights come into view.
A wight is wielding a +2 war axe of freezing.
A wight comes into view. It is wielding a +0 scimitar.
Found 9 gold pieces.
The helpless wight fails to defend itself.
You spit the wight like a pig!!!! Lightning courses through the wight!
You destroy the wight!
Fedhas accepts your kill. The wight hits you with a +0 scimitar!
Your Short Blades skill increases to level 8!
Your Stealth skill increases to level 12!
The wight attacks as you move away! The wight misses you.
The wight attacks as you move away!
The wight hits you with a +2 war axe of freezing!
You feel drained. The wight freezes you.
You hit the wight.
The wight is moderately damaged.
Okay, then.
Okay, then.
Aiming: Grow Ballistomycete (28% risk of failure)
Press: ? - help, Dir - move target You fail to use your ability.
The wight hits you with a +2 war axe of freezing!
* * * LOW HITPOINT WARNING * * *
You feel drained.
* * * LOW HITPOINT WARNING * * *
The wight freezes you.
You die...
Fedhas appreciates your contribution to the ecosystem.

## #### #. ###..# ##.
.#....## ###.. ..
.......# #.... #.###
#.>...######....
....#####......#.....##
.....#z.....##.......##
#..z@.....##.#....###
..##z###.##..####.....#.
.....# ####.#####.......
....).# #..# #.........
....### ##.# ##...)....
.... ##..# #.....)..
..$. .###...####.....))#
..........#......##
......##.†......##


You could see 3 wights.

Vanquished Creatures
  The ghost of gelatine the Grave Robber, a novice GnNe (D:3)
  Sigmund (D:3)
  A steam dragon (D:6)
  A water moccasin (D:5)
  2 black bears
  A centaur (D:6)
  4 scorpions
  A wight (D:6)
  2 hounds
  2 orc priests
  2 jellies (D:5)
  7 iguanas
  3 orc wizards
  4 gnolls (D:6)
  7 adders
  A white imp (D:5)
  4 worms
  3 dart slugs
  16 orcs
  4 bats
  11 endoplasms
  A giant cockroach (D:4)
  3 goblins
  5 hobgoblins
  6 jackals
  5 quokkas
  4 ball pythons
  10 frilled lizards
  5 kobolds
  7 rats
124 creatures vanquished.

Vanquished Creatures (collateral kills)
  A jelly (D:4)
  A goblin (D:4)
2 creatures vanquished.

Grand Total: 126 creatures vanquished

Notes
Turn   | Place    | Note
-------+----------+-------------------------------------------
     0 | D:1      | xian the Kobold Gladiator began the quest for the Orb.
     0 | D:1      | Reached XP level 1. HP: 12/12 MP: 1/1
   125 | D:1      | Reached skill level 1 in Stealth
   131 | D:1      | Reached XP level 2. HP: 7/17 MP: 2/2
   523 | D:1      | You fall into a shaft and drop 1 floor!
   667 | D:2      | Reached XP level 3. HP: 8/22 MP: 3/3
   690 | D:2      | HP: 1/22 [frozen (5)]
  1052 | D:2      | Reached skill level 2 in Stealth
  1087 | D:2      | Reached XP level 4. HP: 23/27 MP: 4/4
  1144 | D:2      | Found Nutingau's Book Shop.
  1873 | D:1      | Found a faded altar of an unknown god.
  1876 | D:1      | Prayed at the altar of an unknown god.
  1876 | D:1      | Became a worshipper of Fedhas Madash
  1876 | D:1      | Reached * piety under Fedhas
  1972 | D:1      | Found Nuosaecle's Armour Shoppe.
  2321 | D:1      | Reached skill level 5 in Fighting
  2321 | D:1      | Reached skill level 5 in Dodging
  2321 | D:1      | Reached skill level 7 in Stealth
  2321 | D:1      | Reached XP level 5. HP: 35/35 MP: 4/11
  2322 | D:1      | Reached skill level 5 in Throwing
  2322 | D:1      | Reached skill level 9 in Stealth
  2322 | D:1      | Reached skill level 5 in Spellcasting
  2322 | D:1      | Reached XP level 6. HP: 42/42 MP: 4/13
  2996 | D:3      | Found a large runed translucent door.
  2997 | D:3      | Found a large runed translucent door.
  3002 | D:3      | Noticed a black bear
  3011 | D:3      | Killed a black bear
  3012 | D:3      | Reached XP level 7. HP: 47/47 MP: 14/14
  3024 | D:3      | Noticed gelatine's ghost (novice GnNe)
  3058 | D:3      | Killed gelatine's ghost
  3318 | D:3      | Noticed Sigmund
  3322 | D:3      | Killed Sigmund
  3323 | D:3      | Reached skill level 10 in Stealth
  3323 | D:3      | Reached XP level 8. HP: 52/52 MP: 15/15
  3871 | D:4      | HP: 2/52 [goblin/+0 dagger (1)]
  3876 | D:4      | Reached ** piety under Fedhas
  4472 | D:4      | Found a snail-covered altar of Cheibriados.
  4926 | D:5      | Entered Level 5 of the Dungeon
  5201 | D:5      | Reached skill level 11 in Stealth
  5201 | D:5      | Reached XP level 9. HP: 44/56 MP: 16/16
  5594 | D:5      | Reached *** piety under Fedhas
  6225 | D:5      | Upgraded the game from 0.29-a0-923-g6e406bff71 to
                  | 0.29-a0-925-g0a7a3d12f8
  6470 | D:6      | Found a burning altar of Makhleb.
  6718 | D:6      | Reached skill level 12 in Stealth
  6723 | D:6      | HP: 2/52 [wight/+2 war axe of freezing (8)]
  6723 | D:6      | Slain by a wight

Illustrated notes

Levels and vault maps discovered:
D:1:      dpeg_arrival_connections, layout_basic, serial_shops, shop,
          hellmonk_ecumenical_altar_inner_sanctum
D:2:      layout_basic, serial_shops, nicolae_diamond_shop, minmay_quantized
D:3:      layout_rooms, ebering_ghost_disaster_area, uniq_sigmund
D:4:      layout_loops_ring, mainiacjoe_overflow_alcove_2
D:5:      layout_cave_pods
D:6:      layout_cave_pools, makhleb_heckhound_becter,
          minmay_temple_entry_antechambers, palyth_stone_intersect,
          minmay_fractal_squares_gapless_5

Skill      XL: |  1  2  3  4  5  6  7  8  9 |
---------------+----------------------------+-----
Stealth        | 1 2 7 9 10 11 12 | 12.0
Dodging        | 4 5 6 7 |  7.0
Fighting       | 5 6 |  6.6
Short Blades   | 6 7 8 |  8.0
Throwing       | 4 5 |  5.4
Armour         | 3 4 |  4.0
Spellcasting   | 4 5 |  5.1
Invocations    | 3 4 |  4.4
Evocations     | 3 4 |  4.9

Action                   |  1- 3 |  4- 6 |  7- 9 || total
-------------------------+-------+-------+-------++-------
Melee: Rapier            |    57 |       |       ||    57
       Dagger            |    22 |    43 |   224 ||   289
       Punch             |       |       |     3 ||     3
Throw: Throwing net      |     2 |     1 |     1 ||     4
Invok: Wall of Briars    |       |       |     1 ||     1
Evoke: Wand              |       |       |     4 ||     4
  Use: Scroll            |       |     8 |    10 ||    18
       Potion            |       |     2 |     3 ||     5
 Stab: Sleeping          |     5 |    11 |    37 ||    53
       Held in net/web   |       |     1 |       ||     1
       Distracted        |       |       |     2 ||     2
Armor: Leather armour    |    21 |     4 |    23 ||    48
Dodge: Dodged            |    59 |    16 |   123 ||   198

Table legend: (Time is in decaauts)
 A = Elapsed time spent in this place.
 B = Non-inter-level travel time spent in this place.
 C = Inter-level travel time spent in this place.
 D = Time resting spent in this place.
 E = Time spent auto-exploring this place.
 F = Levels seen in this place.
 G = Mean time per level.
                   A        B        C        D        E       F      G
               +--------+--------+--------+--------+--------+-----+--------+
         Total |   6633 |   6408 |    225 |    357 |   4728 |   6 | 1105.5 |
       Dungeon |   6633 |   6408 |    225 |    357 |   4728 |   6 | 1105.5 |
               +--------+--------+--------+--------+--------+-----+--------+

Top non-repeatable levels by time:
     D:2: 1600 daAuts
     D:5: 1293 daAuts
     D:1: 1290 daAuts
     D:4: 1089 daAuts
     D:3: 880 daAuts
     D:6: 479 daAuts
